 Dungeon Crawl Stone Soup version 0.30-a0-457-g4b7bca3bfa (webtiles) character file.

Game seed: 16206173565520347420

5600 Jackthecabe the Destroyer (level 10, -5/69 HPs)
             Began as a Demigod Conjurer on Dec 13, 2022.
             Slain by a hellwing (9 damage)
             ... on level 9 of the Dungeon.
             The game lasted 00:18:53 (11270 turns).

Jackthecabe the Destroyer (Demigod Conjurer)       Turns: 11270, Time: 00:18:53

Health: -5/69      AC: -2    Str: 12    XL:     10   Next: 22%
Magic:  14/19      EV: 11    Int: 34    God:
Gold:   651        SH:  0    Dex: 12    Spells: 4/16 levels left

rFire   . . .      SeeInvis .    c - +2 dagger (venom)
rCold   . . .      Faith    .    (no shield)
rNeg    + . .      Spirit   .    u - +4 ring mail of the Forsaken Quests {rN+ Regen+ Int+6}
rPois   .          Reflect  .    r - +1 helmet
rElec   .          Harm     .    (no cloak)
rCorr   .          Rampage  .    (no gloves)
Will    .....                    k - +0 pair of boots
Stlth   +.........               (no amulet)
HPRegen 1.11/turn                (no ring)
MPRegen 0.16/turn                (no ring)

@: weak-willed, corroded, hasted, very quick
A: high MP 1, forlorn, divine attributes
a: no special abilities


You were on level 9 of the Dungeon.
You visited 1 branch of the dungeon, and saw 9 of its levels.

You collected 651 gold pieces.


Innate Abilities, Weirdness & Mutations

You have an increased reservoir of magic. (+10% MP)
You shall have no god before yourself.
Your divine heritage dramatically boosts your attributes as you level up.


   Skills:
 - Level 4.0 Short Blades
 - Level 4.0 Armour
 - Level 3.0 Dodging
 - Level 1.7 Stealth
 + Level 3.8 Spellcasting
 - Level 8.0 Conjurations
 - Level 6.0 Hexes
 - Level 8.0 Air Magic


You had 4 spell levels left.
You knew the following spells:

 Your Spells              Type           Power      Damage    Failure   Level
f - Fulminant Prism       Conj/Hex       26%        3d13      6%          4
m - Magic Dart            Conj           100%       1d8       1%          1
s - Searing Ray           Conj           100%       2d8       1%          2
X - Arcjolt               Conj/Air       28%        1d38      11%         5

Your spell library contained the following spells:

 Spells                   Type           Power      Damage    Failure   Level
 Dazzling Flash           Conj/Hex       100%       N/A       1%          3
 Ensorcelled Hibernation  Hex/Ice        52%        N/A       4%          2
 Vhi's Electric Charge    Tloc/Air       66%        N/A       6%          3
 Iskenderun's Mystic Bla  Conj/Tloc      33%        2d8       21%         4
 Anguish                  Hex/Necr       13%        N/A       30%         4
 Spider Form              Tmut/Pois      6%         N/A       32%         3
 Petrify                  Tmut/Erth      6%         N/A       71%         4
 Metabolic Englaciation   Hex/Ice        13%        N/A       65%         5
 Statue Form              Tmut/Erth      4%         N/A       100%        6
 Maxwell's Capacitive Co  Air            28%        ∞         100%        8

Inventory:

Hand Weapons
 c - a +2 dagger of venom (weapon)
 t - a +0 hand axe of flaming
Armour
 a - a +0 robe
 k - a +0 pair of boots (worn)
 r - a +1 helmet (worn)
 u - the +4 ring mail of the Forsaken Quests (worn) {rN+ Regen+ Int+6}
   (You found it on level 5 of the Dungeon)

   Int:       It affects your intelligence (+6).
   rN:        It protects you from negative energy.
   Regen:     It increases your rate of health regeneration.
 x - a scarf of shadows
 F - +0 steam dragon scales
Magical Staves
 e - a staff of cold {!a}
 g - a staff of air {!a}
Jewellery
 T - a +4 ring of protection
 W - a ring of willpower
Wands
 v - a wand of mindburst (12)
 z - a wand of charming (13)
 G - a wand of roots (7)
Scrolls
 d - 9 scrolls of identify {unknown}
 i - 2 scrolls of blinking {unknown}
 m - 2 scrolls of vulnerability
 n - 2 scrolls of teleportation {unknown}
 p - a scroll of amnesia
 s - a scroll of noise
 y - 2 scrolls of enchant armour {unknown}
 A - a scroll of fear {unknown}
 C - 2 scrolls of immolation {unknown}
 D - 2 scrolls of poison {unknown}
Potions
 f - a potion of cancellation {unknown}
 h - 2 potions of curing {@q1}
 j - a potion of haste {@q3}
 l - 2 potions of brilliance {unknown}
 o - 2 potions of flight {unknown}
 q - a potion of heal wounds {unknown}
 w - a potion of lignification
 B - a potion of mutation {unknown}
 E - a potion of resistance {unknown}
 H - a potion of might {unknown}

Dungeon Overview and Level Annotations

Branches:
Dungeon (9/15)             Temple (0/1) D:6
   Lair: D:8-11         Orc: D:9-12

Annotations:
D:3 Grinder, Sigmund
D:4 2 transporters, MrSquiggles's ghost, amateur MiGl
D:5 1 runed translucent door, Crazy Yiuf

.# ### #.# ##≈## #.# ##≈≈≈# #.#
##≈≈≈≈# #.# ####### #≈≈≈≈≈# #.#
......###~~≈~~#########.#
......'.......3.@4.....>#
......###~~~~~#########.######
......'.............†..........
.))...##~~~~~~#########....####
......#####≈≈≈# #♣...# ~######
#≈≈## ..♣# ≈≈ #≈## .## ≈≈≈ ###
## ≈≈≈≈


You could see a sun demon (weak-willed) and a hellwing (weak-willed).


Message History

* * * LOW HITPOINT WARNING * * *
The rust devil corrodes you! The sun demon closely misses you.
You feel yourself speed up. The sun demon barely misses you.
The rust devil hits you!
* * * LOW HITPOINT WARNING * * *
The rust devil corrodes you!
Unknown command.
Okay, then.
Okay, then.
Casting: Fulminant Prism (dangerous; 6% risk of failure)
Confirm with . or Enter, or press ? or * to list all spells.
Okay, then.
Magic courses through your body. The sun demon closely misses you.
Casting: Fulminant Prism (dangerous; 6% risk of failure)
Confirm with . or Enter, or press ? or * to list all spells.
Electricity surges outward!
The sun demon resists.
The sun demon is lightly wounded.
The hellwing is moderately wounded.
The rust devil resists.
You kill the rust devil!
The hellwing hits you!
* * * LOW HITPOINT WARNING * * *
The hellwing barely misses you.
Unknown command.
Unknown command.
The hellwing swoops through the air toward you!
The hellwing hits you!
* * * LOW HITPOINT WARNING * * *
The hellwing hits you!
You die...

Skill      XL: |  1  2  3  4  5  6  7  8  9 10 |
---------------+-------------------------------+-----
Spellcasting   | 2 3 |  3.8
Conjurations   | 4 5 6 8 |  8.0
Hexes          | 2 4 6 |  6.0
Armour         | 3 4 |  4.0
Dodging        | 3 |  3.0
Short Blades   | 3 4 |  4.0
Air Magic      | 2 7 8 |  8.0
Stealth        | |  1.7

Action                   |  1- 3 |  4- 6 |  7- 9 | 10-12 || total
-------------------------+-------+-------+-------+-------++-------
Melee: Dagger            |    15 |     6 |    52 |     4 ||    77
       Punch             |       |       |     1 |       ||     1
 Cast: Magic Dart        |    56 |    86 |   182 |    14 ||   338
       Searing Ray       |     3 |    16 |    29 |     7 ||    55
       Fulminant Prism   |       |       |    16 |     4 ||    20
       Arcjolt           |       |       |       |     1 ||     1
Evoke: Wand              |       |       |     2 |       ||     2
  Use: Potion            |       |       |     3 |     3 ||     6
       Scroll            |       |       |       |     3 ||     3
Armor: Robe              |     2 |     8 |     1 |       ||    11
       Ring mail         |       |       |    42 |     6 ||    48
       Skin              |       |       |    16 |       ||    16
Dodge: Dodged            |    33 |    18 |    56 |    15 ||   122

Levels and vault maps discovered:
D:1:      dpeg_arrival_simpleton_a, layout_basic, serial_curves, eino_curves_04,
          eino_curves_03, shapermc_ecumenical_altar_mp_urbaneastern,
          kennysheep_pointless_box
D:2:      layout_basic, uniq_natasha
D:3:      layout_rooms, serial_co_window_serial, co_window_paths_a,
          co_window_cross_1, co_window_paths_a, co_window_of_opportunity_a,
          co_window_paths_b, co_window_corner_ca, co_window_2corner,
          co_window_unsneaky_path_c, co_window_corner_b, co_window_broadway_b,
          co_window_broadway_b, co_window_4corner_b, co_window_paths_e,
          glass_columns_b, glass_columns_b, glass_columns_a, minmay_misc_feat_x,
          dk_vineyard_3, uniq_grinder, uniq_sigmund
D:4:      layout_rooms, kennysheep_little_box, gammafunk_ghost_arena
D:5:      layout_loops_cross, lemuel_crystal_altar, makhleb_heckhound_becter,
          minmay_small_thing, uniq_crazy_yiuf_cottage, uniq_menkaure
D:6:      layout_rooms, minmay_temple_entry_sparse_star, chequers_avenue,
          hangedman_decor_growths
D:7:      layout_layer_cave, chequers_temple_overflow_statue_of_worship
D:8:      layout_layer_cave, lemuel_doored_altar, nicolae_wu_jian_glorious_leap
D:9:      layout_basic, david_lair_shrubbed, serial_demonic, serial_demonic_g,
          serial_demonic_e, serial_demonic_a, serial_demonic_e,
          serial_demonic_g, serial_demonic_e

Notes
Turn   | Place    | Note
-------+----------+-------------------------------------------
     0 | D:1      | Jackthecabe the Demigod Conjurer began the quest for the
                  | Orb.
     0 | D:1      | Reached XP level 1. HP: 14/14 MP: 5/5
   114 | D:1      | Reached skill level 2 in Spellcasting
   252 | D:1      | Reached XP level 2. HP: 20/20 MP: 5/7
   347 | D:1      | You fall into a shaft and drop 1 floor!
   383 | D:2      | Reached skill level 4 in Conjurations
   387 | D:2      | Learned a level 2 spell: Searing Ray
   448 | D:2      | Noticed Natasha
   716 | D:2      | Killed Natasha
   717 | D:2      | Reached XP level 3. HP: 18/26 MP: 2/9
  1209 | D:2      | Noticed Natasha
  1216 | D:2      | Killed Natasha
  1217 | D:2      | Reached skill level 3 in Spellcasting
  1217 | D:2      | Reached XP level 4. HP: 33/33 MP: 2/11
  1994 | D:2      | Noticed Natasha
  1997 | D:2      | Killed Natasha
  1998 | D:2      | Reached skill level 5 in Conjurations
  2233 | D:2      | Learned a level 4 spell: Fulminant Prism
  2551 | D:3      | Reached XP level 5. HP: 21/36 MP: 2/12
  2568 | D:3      | Reached skill level 1 in Hexes
  2754 | D:3      | Noticed Grinder
  2842 | D:3      | Noticed Sigmund
  3093 | D:4      | Found a transporter.
  3497 | D:4      | Found a transporter.
  3499 | D:4      | Noticed MrSquiggles's ghost (amateur MiGl)
  3603 | D:4      | Noticed a black bear
  3649 | D:5      | Entered Level 5 of the Dungeon
  3657 | D:5      | Reached skill level 2 in Hexes
  3935 | D:5      | Reached skill level 6 in Conjurations
  3935 | D:5      | Reached XP level 6. HP: 43/45 MP: 5/13
  4008 | D:5      | Reached skill level 3 in Hexes
  4097 | D:5      | Reached skill level 4 in Hexes
  4264 | D:5      | Reached XP level 7. HP: 49/50 MP: 0/14
  4428 | D:5      | Identified the +4 ring mail of the Forsaken Quests {rN+
                  | Regen+ Int+6}
  4523 | D:5      | Reached skill level 5 in Hexes
  4697 | D:5      | Noticed Menkaure
  4724 | D:5      | Killed Menkaure
  4915 | D:5      | Reached skill level 6 in Hexes
  4915 | D:5      | Reached skill level 1 in Armour
  5027 | D:5      | Reached skill level 2 in Armour
  5700 | D:5      | Reached skill level 3 in Armour
  5883 | D:5      | Found a runed translucent door.
  5884 | D:5      | Noticed Crazy Yiuf
  5974 | D:6      | Reached XP level 8. HP: 57/57 MP: 10/15
  6015 | D:6      | Found a staircase to the Ecumenical Temple.
  6229 | D:6      | Reached skill level 4 in Armour
  6286 | D:6      | Reached skill level 2 in Dodging
  6575 | D:6      | Reached skill level 3 in Dodging
  6658 | D:6      | Reached skill level 1 in Short Blades
  6773 | D:6      | Reached skill level 2 in Short Blades
  7119 | D:7      | Learned a level 5 spell: Arcjolt
  7292 | D:7      | Reached skill level 1 in Air Magic
  7375 | D:7      | Noticed a manticore
  7437 | D:7      | Killed a manticore
  7438 | D:7      | Reached skill level 3 in Short Blades
  7438 | D:7      | Reached skill level 2 in Air Magic
  8706 | D:8      | Reached XP level 9. HP: 62/62 MP: 10/16
  8892 | D:8      | Reached skill level 4 in Short Blades
  8892 | D:8      | Reached skill level 3 in Air Magic
  9042 | D:8      | Reached skill level 7 in Conjurations
  9565 | D:8      | Reached skill level 4 in Air Magic
 10462 | D:9      | Noticed a sixfirhy
 10468 | D:9      | HP: 5/62 [sixfirhy (11)]
 10470 | D:9      | Killed a sixfirhy
 10471 | D:9      | Reached skill level 8 in Conjurations
 10471 | D:9      | Reached skill level 5 in Air Magic
 10471 | D:9      | Noticed a hellwing
 10474 | D:9      | Noticed an orange demon
 10475 | D:9      | Killed a hellwing
 10477 | D:9      | Killed an orange demon
 10478 | D:9      | Reached skill level 6 in Air Magic
 10753 | D:9      | Reached skill level 7 in Air Magic
 10758 | D:9      | Reached XP level 10. HP: 51/69 MP: 3/17
 10850 | D:9      | Identified the +3 leather armour of Gehenna {rC+ rCorr
                  | Dex+3}
 11213 | D:9      | Reached skill level 8 in Air Magic
 11233 | D:9      | Noticed a rust devil
 11253 | D:9      | Noticed a sun demon
 11264 | D:9      | Killed a rust devil
 11270 | D:9      | HP: 4/69 [hellwing (11)]
 11270 | D:9      | Slain by a hellwing

Vanquished Creatures
  A sixfirhy (D:9)
  A manticore (D:7)
  A rust devil (D:9)
  An orange demon (D:9)
  A hellwing (D:9)
  An ice devil (D:9)
  Menkaure (D:5)
  2 steam dragons
  2 acid dragons (D:8)
  A water moccasin (D:7)
  3 ice beasts
  A sky beast (D:8)
  An orc warrior (D:9)
  An ogre (D:5)
  A centaur (D:8)
  2 phantoms
  A kobold brigand (D:5)
  3 bullfrogs
  2 necrophages
  A scorpion (D:4)
  4 wights (D:5)
  11 killer bees
  A howler monkey (D:6)
  2 electric eels (D:9)
  A quasit (D:9)
  3 orc priests
  4 hounds (D:5)
  A jelly (D:6)
  6 iguanas
  Natasha (thrice) (D:2)
  7 orc wizards
  An adder (D:6)
  A shadow imp (D:6)
  A white imp (D:6)
  An ufetubus (D:6)
  2 worms
  3 dart slugs
  45 orcs
  7 endoplasms
  A giant cockroach (D:1)
  5 goblins
  8 hobgoblins
  4 jackals (D:1)
  8 ball pythons
  3 bats
  7 frilled lizards
  15 kobolds
  2 rats
185 creatures vanquished.

Vanquished Creatures (others)
  12 demonic plants (D:9)
  20 fulminant prisms
  2 fungi (D:5)
  40 plants (D:9)
74 creatures vanquished.

Grand Total: 259 creatures vanquished

Table legend: (Time is in decaauts)
 A = Elapsed time spent in this place.
 B = Non-inter-level travel time spent in this place.
 C = Inter-level travel time spent in this place.
 D = Time resting spent in this place.
 E = Time spent auto-exploring this place.
 F = Levels seen in this place.
 G = Mean time per level.
                   A        B        C        D        E       F      G
               +--------+--------+--------+--------+--------+-----+--------+
         Total |  11261 |  10911 |    350 |   1265 |   8294 |   9 | 1251.2 |
       Dungeon |  11261 |  10911 |    350 |   1265 |   8294 |   9 | 1251.2 |
               +--------+--------+--------+--------+--------+-----+--------+

Top non-repeatable levels by time:
     D:5: 1946 daAuts
     D:7: 1863 daAuts
     D:8: 1795 daAuts
     D:2: 1227 daAuts
     D:1: 1080 daAuts
     D:6: 1070 daAuts
     D:4: 955 daAuts
     D:3: 705 daAuts
     D:9: 616 daAuts

Table legend:
 A = Non-vault XP
 B = Vault XP
 C = Vault XP percentage of total XP
 D = Non-vault monster count
 E = Vault monster count
 F = Vault count percentage of total count
                 A         B        C        D         E       F
            +---------+---------+-------+---------+---------+-------
      Total |    5329 |    2671 |  33.4 |     175 |      10 |   5.4
            +---------+---------+-------+---------+---------+-------
        D:1 |      31 |       0 |   0.0 |      21 |       0 |   0.0
        D:2 |     120 |      35 |  22.6 |      28 |       1 |   3.4
        D:3 |      62 |       0 |   0.0 |      11 |       0 |   0.0
        D:4 |     110 |       0 |   0.0 |      12 |       0 |   0.0
        D:5 |    1030 |     271 |  20.8 |      33 |       3 |   8.3
        D:6 |     568 |       0 |   0.0 |      17 |       0 |   0.0
        D:7 |    1069 |       0 |   0.0 |      16 |       0 |   0.0
        D:8 |    1041 |       0 |   0.0 |      13 |       0 |   0.0
        D:9 |    1298 |    2365 |  64.6 |      24 |       6 |  20.0
            +---------+---------+-------+---------+---------+-------
